 Dungeon Crawl Stone Soup version 0.21-a0-88-g13b9641 (webtiles) character file.

16 4thArraOfDagon the Grasshopper (level 2, 0/23 HPs)
             Began as a Formicid Warper on June 26, 2017.
             Slain by a jackal (2 damage)
             ... on level 2 of the Dungeon.
             The game lasted 00:01:01 (304 turns).

4thArraOfDagon the Grasshopper (Formicid Warper)     Turns: 304, Time: 00:01:01

Health: 0/23       AC:  3    Str: 15    XL:     2   Next: 70%
Magic:  5/5        EV: 12    Int: 12    God:
Gold:   18         SH:  0    Dex: 10    Spells: 5/5 levels left

rFire    . . .     SeeInvis +   a - +0 falchion
rCold    . . .     Gourm    .   (no shield)
rNeg     . . .     Faith    .   b - +0 leather armour
rPois    .         Spirit   .   (helmet unavailable)
rElec    .         Reflect  .   (no cloak)
rCorr    .         Harm     .   (no gloves)
MR       .....                  (no boots)
Stlth    +.........             (no amulet)
HPRegen  0.07/turn              (no ring)
MPRegen  0.09/turn              (no ring)

@: very slightly contaminated, invisible
A: permanent stasis, dig shafts and tunnels, four strong arms, antennae 3
a: Dig, Shaft Self


You were on level 2 of the Dungeon.
You were not hungry.

You visited 1 branch of the dungeon, and saw 3 of its levels.

You collected 18 gold pieces.

Inventory:

Hand Weapons
 a - a +0 falchion (weapon)
Missiles
 e - 3 tomahawks of dispersal (quivered)
 g - 3 needles of paralysis
Armour
 b - a +0 leather armour (worn)
Scrolls
 d - a scroll of blinking
Books
 c - a book of Spatial Translocations

   Spells                             Type                      Level
   a - Blink                          Translocation                2
   b - Shroud of Golubria             Charms/Translocation         2
   c - Lesser Beckoning               Translocation                3
   d - Gell's Gravitas                Translocation                3
   e - Teleport Other                 Translocation                3
   f - Passage of Golubria            Translocation                4
Comestibles
 f - a bread ration
 i - a fruit


   Skills:
 + Level 2.4 Fighting
 * Level 2.4 Long Blades
 - Level 1.0 Throwing
 + Level 1.5 Armour
 + Level 2.0 Dodging
 - Level 2.1 Spellcasting
   Level 2.6 Translocations


You had 5 spell levels left.
You didn't know any spells.

Dungeon Overview and Level Annotations

Branches:
Dungeon (3/15)

Altars:


Innate Abilities, Weirdness & Mutations

You cannot be hasted, slowed, berserked, paralysed or teleported.
You can dig through walls and to a lower floor.
Your four strong arms can wield two-handed weapons with a shield.
You have a pair of large antennae on your head. (SInv)


Message History

You hit the jackal.
The jackal is lightly wounded.
The jackal closely misses you.
You riposte.
You barely miss the jackal.
The jackal is lightly wounded.
The jackal bites you.
* * * LOW HITPOINT WARNING * * *
You catch the helpless jackal completely off-guard!
You hit the jackal but do no damage.
The jackal is lightly wounded.
The jackal barely misses you.
The jackal bites you but does no damage.
Unknown command.
The jackal closely misses you.
You riposte.
You closely miss the jackal.
The jackal is lightly wounded.
The jackal barely misses you.
You riposte.
You barely miss the jackal. You barely miss the jackal.
The jackal closely misses you.
You riposte.
You closely miss the jackal.
Unknown command.
You closely miss the jackal. The jackal bites you.
You die...

#.#.#
#.#.#
#.#.#
#.#.#
..#.#
....# ##
.########
........#
#@# ####
#h#
....##.#
...##.#
#..##w#
#..##l# .
#..##h#
#.
###..##w#
#.
#.{..{.h#


You could see 2 worms, a leopard gecko and 2 jackals.

Vanquished Creatures
  An adder (D:2)
  A giant cockroach (D:2)
  2 goblins (D:3)
  A bat (D:3)
  A frilled lizard (D:2)
  A kobold (D:3)
7 creatures vanquished.

Notes
Turn   | Place    | Note
-------+----------+-------------------------------------------
     0 | D:1      | 4thArraOfDagon the Formicid Warper began the quest for the Orb.
     0 | D:1      | Reached XP level 1. HP: 16/16 MP: 3/3
    24 | D:1      | You fall through a shaft!
    69 | D:2      | Reached XP level 2. HP: 13/23 MP: 5/5
   296 | D:2      | HP: 1/23 [jackal (2)]
   304 | D:2      | Slain by a jackal

Vault maps used:
D:1:      dpeg_arrival_round_c, serial_curves, eino_curves_04, eino_curves_03,
          eino_curves_01, wad_floor_pattern_1
D:2:      first_bread, nicolae_qazlal_eye_of_the_storm

Skill      XL: |  1 |
---------------+----+-----
Dodging        | 2 |  2.0
Fighting       | |  2.4
Long Blades    | |  2.4
Throwing       | |  1.0
Armour         | |  1.5
Spellcasting   | |  2.1
Translocations | |  2.6

Action                   || total
-------------------------++-------
Melee: Falchion          ||    36
Throw: Tomahawk          ||     2
 Abil: Shaft Self        ||     1
  Use: Potion            ||     1
 Stab: Invisible         ||     1
Armor: Leather armour    ||    10
Dodge: Dodged            ||    29
       Rpst.: Falchion   ||     9
